 Dungeon Crawl Stone Soup version 0.22-a0-776-ge6d7efa (webtiles) character file.

142 Hebeh the Conjurer (level 5, -10/28 HPs)
             Began as a Deep Elf Conjurer on July 18, 2018.
             Killed by divine providence
             ... invoked by an orc priest
              (12 damage)
             ... on level 3 of the Dungeon.
             The game lasted 00:10:41 (2754 turns).

Hebeh the Conjurer (Deep Elf Conjurer)              Turns: 2754, Time: 00:10:42

Health: -10/28     AC:  3    Str:  5    XL:     5   Next: 4%
Magic:  0/14       EV: 13    Int: 21    God:
Gold:   82         SH:  0    Dex: 15    Spells: 4/14 levels left

rFire    . . .     SeeInvis +   a - +0 short sword
rCold    . . .     Gourm    .   (no shield)
rNeg     . . .     Faith    .   l - +0 robe
rPois    .         Spirit   .   (no helmet)
rElec    .         Reflect  .   j - +0 cloak
rCorr    .         Harm     .   (no gloves)
MR       .....                  (no boots)
Stlth    ++........             (no amulet)
HPRegen  0.09/turn              f - ring of see invisible
MPRegen  0.14/turn              (no ring)

@: no status effects
A: no striking features
a: no special abilities


You were on level 3 of the Dungeon.
You were hungry.

You visited 1 branch of the dungeon, and saw 3 of its levels.

You collected 82 gold pieces.

Inventory:

Hand Weapons
 a - a +0 short sword (weapon)
 b - a +0 hunting sling
Missiles
 d - 105 stones (quivered)
 r - 15 bolts
 u - 18 sling bullets
Armour
 j - a +0 cloak (worn)
 l - a +0 robe (worn)
Jewellery
 f - a ring of see invisible (left hand)
Scrolls
 e - a scroll of fear {unknown}
 k - a scroll of magic mapping {unknown}
 p - a scroll of remove curse {unknown}
 s - 2 scrolls of random uselessness {unknown}
Potions
 g - 2 potions of mutation {unknown}
 h - a potion of curing {unknown}
 i - 2 potions of flight {unknown}
 m - a potion of lignification {unknown}
 n - a potion of heal wounds {unknown}
 o - a potion of might {unknown}
 q - 2 potions of haste {unknown}
 t - a potion of brilliance {unknown}
Comestibles
 c - a ration
 v - 3 chunks of flesh


   Skills:
 - Level 2.4 Dodging
 - Level 2.4 Stealth
 * Level 5.4 Spellcasting
 * Level 5.8 Conjurations


You had 4 spell levels left.
You knew the following spells:

 Your Spells              Type           Power        Failure   Level  Hunger
a - Magic Dart            Conj           ####         1%          1    None
b - Iskenderun's Mystic   Conj           ####....     10%         4    ####...
c - Searing Ray           Conj           ####..       1%          2    None
d - Dazzling Spray        Conj/Hex       ###...       10%         3    ##.....

Your spell library contained the following spells:

 Spells                   Type           Power        Failure   Level  Hunger
 Fulminant Prism          Conj/Hex       ###.......   30%         4    ####...
 Force Lance              Conj/Tloc      ###.....     30%         4    ####...


Dungeon Overview and Level Annotations

Branches:
Dungeon (3/15)

Altars:


Message History

You don't have enough magic to cast that spell.
You hit the orc priest but do no damage.
The orc priest is heavily wounded.
The orc priest looks satisfied for a moment.
The orc priest hits you with a hand axe.
* * * LOW HITPOINT WARNING * * *
Casting: Magic Dart (safe; 1% risk of failure)
Confirm with . or Enter, or press ? or * to list all spells.
You don't have enough magic to cast that spell.
Casting: Magic Dart (safe; 1% risk of failure)
Confirm with . or Enter, or press ? or * to list all spells.
Aiming: Magic Dart (safe; 1% risk of failure)
Press: ? - help, Shift-Dir - straight line, f/p - orc priest
Aim: an orc priest, wielding a hand axe and wearing a runed leather armour (heavily wounded)
The magic dart hits the orc priest.
The orc priest is heavily wounded.
The orc priest barely misses you.
The orc priest invokes the aid of Beogh against you.
Beogh smites you!
You die...

#......# #......>...
#.#....## #.##.......
........####.......###
#......[..<..#####.#
#...#...###### #
........# .# ###.#.#.#
#####.###
#.#.#.######....$..##.
#.#.#.......o.@.......
#.#.#..#####>##.......
#.#.........)))..#.##.
#.##########.###.# #
#.# #.# .# ... .. .##
## #


You could see an orc priest.

Vanquished Creatures
  An orc priest (D:3)
  5 adders
  A worm (D:3)
  2 dart slugs
  3 orcs (D:3)
  A giant cockroach (D:2)
  3 goblins
  5 hobgoblins
  13 jackals
  5 kobolds
  A quokka (D:2)
  3 ball pythons
  5 bats
  3 frilled lizards
  6 rats
57 creatures vanquished.

Notes
Turn   | Place    | Note
-------+----------+-------------------------------------------
     0 | D:1      | Hebeh the Deep Elf Conjurer began the quest for the Orb.
     0 | D:1      | Reached XP level 1. HP: 10/10 MP: 6/6
    85 | D:1      | Reached XP level 2. HP: 15/15 MP: 0/8
   806 | D:2      | Reached skill level 5 in Conjurations
   806 | D:2      | Reached XP level 3. HP: 19/19 MP: 4/10
  2270 | D:2      | Learned a level 2 spell: Searing Ray
  2274 | D:2      | Learned a level 3 spell: Dazzling Spray
  2289 | D:2      | Reached XP level 4. HP: 24/24 MP: 7/12
  2332 | D:2      | Learned a level 4 spell: Iskenderun's Mystic Blast
  2556 | D:3      | Reached skill level 5 in Spellcasting
  2723 | D:3      | Reached XP level 5. HP: 28/28 MP: 6/14
  2747 | D:3      | HP: 1/28 [orc priest/hand axe (5)]
  2754 | D:3      | Killed from afar by an orc priest

Vault maps used:
D:1:      saegor_arrival_simple_e, minmay_split_cup_small
D:2:      minmay_misc_feat_alley
D:3:      chequers_temple_overflow_minitemple, uniq_ijyb

Skill      XL: |  1  2  3  4 |
---------------+-------------+-----
Spellcasting   | 4 5 |  5.4
Conjurations   | 5 |  5.8
Dodging        | |  2.4
Stealth        | |  2.4

Action                   |  1- 3 |  4- 6 || total
-------------------------+-------+-------++-------
Melee: Short sword       |       |     3 ||     3
 Fire: Hunting sling     |     2 |       ||     2
 Cast: Magic Dart        |    75 |    38 ||   113
       Dazzling Spray    |     1 |     1 ||     2
       Iskenderun's Myst |       |     1 ||     1
  Eat: Chunk             |     4 |     1 ||     5
Armor: Robe              |     2 |     1 ||     3
Dodge: Dodged            |     5 |     7 ||    12

Table legend:
 A = Spawn XP
 B = Non-spawn XP
 C = Spawn XP percentage of total XP
 D = Spawn monster count
 E = Non-spawn monster count
 F = Spawn count percentage of total count
 G = Total turns spent on level
                    A         B        C        D         E        F      G
               +---------+---------+-------+---------+---------+-------+---------
         Total |       0 |     204 |   0.0 |       0 |      57 |   0.0 |  2754
               +---------+---------+-------+---------+---------+-------+---------
           D:1 |       0 |      34 |   0.0 |       0 |      19 |   0.0 |   798
           D:2 |       0 |      73 |   0.0 |       0 |      23 |   0.0 |  1728
           D:3 |       0 |      97 |   0.0 |       0 |      15 |   0.0 |   228
               +---------+---------+-------+---------+---------+-------+---------
